General information
- name: BNet
- type: Ladder team game (AT/RT)
- host: Battle.net
- saver: backforthirds
map: Goldshire
- players: 4
- length: 09:55
- speed: Fast
- version: 1.26 W3XP
- replay type: Public
» download(56 KB)
Players
team 1 (winner)

»
backforthirds (
pink | 81 APM | 805 actions | 09:55)
3 Goblin Tinker
2 Pocket Factory
1 Engineering Upgrade
» actions
| Assign group hotkey | 60 | |
| Basic commands | 30 | |
| Build / train | 32 | |
| ESC pressed | 1 | |
| Enter build submenu | 10 | |
| Enter hero's abilities submenu | 3 | |
| Right click | 314 | |
| Select / deselect | 127 | |
| Select group hotkey | 209 | |
| Use ability | 19 | |
805 total
» units
| Acolyte | 2 | |
| Ghoul | 13 | |
| Crypt Fiend | 6 | |
21 total
» buildings
| Crypt | 2 | |
| Ziggurat | 4 | |
| Altar of Darkness | 1 | |
| Graveyard | 1 | |
| Nerubian Tower | 1 | |
| Spirit Tower | 1 | |
| Halls of the Dead | 3 | |
| Tomb of Relics | 1 | |
14 total
» build order
00:08 Crypt
00:10 Ziggurat
00:35 Crypt
00:55 Ziggurat
01:27 Altar of Darkness
03:46 Ziggurat
04:21 Graveyard
04:22 Ziggurat
05:51 Nerubian Tower
05:53 Spirit Tower
07:45 Halls of the Dead
07:45 Halls of the Dead
08:33 Tomb of Relics

»
freewinme (
blue | 71 APM | 702 actions | 09:53)
2 Goblin Tinker
1 Pocket Factory
1 Engineering Upgrade
» actions
| Assign group hotkey | 26 | |
| Basic commands | 23 | |
| Build / train | 38 | |
| Enter build submenu | 15 | |
| Enter hero's abilities submenu | 2 | |
| Right click | 321 | |
| Select / deselect | 179 | |
| Select group hotkey | 71 | |
| Use ability | 27 | |
702 total
» units
| Acolyte | 2 | |
| Ghoul | 18 | |
| Crypt Fiend | 6 | |
26 total
» buildings
| Crypt | 2 | |
| Ziggurat | 4 | |
| Altar of Darkness | 1 | |
| Graveyard | 1 | |
| Nerubian Tower | 2 | |
| Tomb of Relics | 2 | |
| Halls of the Dead | 1 | |
13 total
» build order
00:07 Crypt
00:14 Ziggurat
00:38 Crypt
00:52 Ziggurat
01:25 Altar of Darkness
02:29 Ziggurat
05:42 Graveyard
06:25 Nerubian Tower
06:26 Ziggurat
06:28 Tomb of Relics
06:33 Tomb of Relics
07:45 Nerubian Tower
08:56 Halls of the Dead
» items
team 2 (loser)
NEXT.PLEASE (
green | 111 APM | 1096 actions | 09:53)
2 Demon Hunter
1 Mana Burn
1 Evasion
» actions
| Assign group hotkey | 12 | |
| Basic commands | 63 | |
| Build / train | 36 | |
| ESC pressed | 2 | |
| Enter build submenu | 16 | |
| Enter hero's abilities submenu | 2 | |
| Right click | 562 | |
| Select / deselect | 146 | |
| Select group hotkey | 208 | |
| Use ability | 49 | |
1096 total
» units
» buildings
| Altar of Elders | 1 | |
| Moon Well | 4 | |
| Ancient of War | 2 | |
| Hunter's Hall | 1 | |
| Ancient Protector | 4 | |
| Tree of Ages | 1 | |
| Tree of Life | 1 | |
14 total
» build order
00:04 Altar of Elders
00:17 Moon Well
01:46 Ancient of War
01:50 Hunter's Hall
02:12 Ancient of War
02:34 Moon Well
02:44 Moon Well
03:46 Moon Well
03:58 Ancient Protector
04:00 Ancient Protector
04:41 Ancient Protector
04:55 Ancient Protector
06:23 Tree of Ages
08:16 Tree of Life
» items
TEMPE (
teal | 121 APM | 1183 actions | 09:48)
3 Death Knight
2 Death Coil
1 Unholy Aura
» actions
| Assign group hotkey | 25 | |
| Basic commands | 16 | |
| Build / train | 20 | |
| Enter build submenu | 12 | |
| Enter hero's abilities submenu | 3 | |
| Right click | 626 | |
| Select / deselect | 170 | |
| Select group hotkey | 264 | |
| Use ability | 47 | |
1183 total
» units
| Acolyte | 3 | |
| Ghoul | 3 | |
| Crypt Fiend | 4 | |
10 total
» buildings
| Graveyard | 1 | |
| Crypt | 1 | |
| Altar of Darkness | 2 | |
| Ziggurat | 3 | |
| Tomb of Relics | 2 | |
| Nerubian Tower | 2 | |
| Spirit Tower | 2 | |
13 total
» build order
00:05 Graveyard
00:10 Crypt
00:19 Altar of Darkness
00:21 Altar of Darkness
00:51 Ziggurat
01:12 Tomb of Relics
01:18 Tomb of Relics
01:57 Ziggurat
02:50 Nerubian Tower
02:51 Nerubian Tower
02:57 Spirit Tower
04:03 Ziggurat
» items
Chat log
(00:03 / Allies) backforthirds: cguls
(00:43 / Allies) backforthirds: i forgot what we do vs ne ud
(00:51 / Allies) backforthirds: i think we wait and see what hte bases look like
(01:06 / Allies) freewinme: if we hit hte ud the ne might feed out the ass
(01:41 / Allies) freewinme: killing the ud is better though
(01:47 / Allies) backforthirds: well see
(02:13 / Allies) backforthirds: GIO
(02:30 / Allies) backforthirds: ya ud
(02:40 / Allies) backforthirds: wrap that zig
(02:49 / Allies) backforthirds: watch his dets
(03:56 / All) backforthirds: cool strat
(04:00 / All) backforthirds: did you guys come up with this yoruselves?
(05:38 / Allies) backforthirds: get that aco
(05:59 / Allies) backforthirds: get the aco then b
(06:16 / Allies) backforthirds: ya b
(07:17 / Allies) freewinme: should i come
(07:29 / Allies) backforthirds: nah
(07:41 / Allies) backforthirds: back
(09:03 / All) backforthirds: dicks up ur ass
(09:07 / All) backforthirds: robots down
(09:11 / All) TEMPE: ur 50%
(09:14 / All) TEMPE: why r u proud?
(09:16 / All) TEMPE: of a bs win
(09:19 / All) TEMPE: ur still a shit 50% player lol
(09:26 / All) TEMPE: cant pass 50% after 8 years
(09:27 / All) backforthirds: 50% player just rocked you
(09:29 / All) TEMPE: proud pro
(09:44 / All) backforthirds: robot ne ud getting rolled by 50%er
(09:46 / All) backforthirds: after 8 years
(09:53 / All) backforthirds: shit on